 Dungeon Crawl Stone Soup version 0.30-b1-2-g02819fbbbe (webtiles) character file.

Game seed: 18214013832142957125

171 SergentPoivreBleu the Digger (level 5, 0/28 HPs)
             Began as a Gargoyle Earth Elementalist on Aug 27, 2023.
             Was an Initiate of Makhleb.
             Killed from afar by Ijyb (18 damage)
             ... with a bolt of dispelling energy
             ... on level 4 of the Dungeon.
             The game lasted 00:12:52 (3019 turns).

SergentPoivreBleu the Digger (GrEE)                 Turns: 3019, Time: 00:12:52

Health: 0/28       AC: 10    Str: 11    XL:     5   Next: 51%
Magic:  10/10      EV: 12    Int: 18    God:    Makhleb [......]
Gold:   86         SH:  0    Dex: 14    Spells: 1/10 levels left

rFire   . . .        l - +9 trident of Precise Incision {pain, Dex+4}
rCold   . . .        (no shield)
rNeg    + . .        a - +0 robe
rPois   ∞            (no helmet)
rElec   +            (no cloak)
rCorr   .            (no gloves)
SInv    .            (no boots)
Will    .....        (no amulet)
Stlth   ++           e - ring of wizardry
HPRegen 0.24/turn    f - +4 ring of protection
MPRegen 0.12/turn

%: wizardry (x1)
@: flying
A: sickness immunity, AC +4, negative energy resistance 1, electricity
resistance, torment resistance 1, petrification resistance, big wings, high MP 1
a: Renounce Religion


You were on level 4 of the Dungeon.
You worshipped Makhleb.
Makhleb was noncommittal.
You visited 1 branch of the dungeon, and saw 4 of its levels.

You collected 86 gold pieces.

Inventory:

Hand Weapons
 l - the +9 trident of Precise Incision (weapon) {pain, Dex+4}
   (You took it off a goblin on level 2 of the Dungeon)

   Dex:       It affects your dexterity (+4).
Missiles
 m - 13 stones
Armour
 a - a +0 robe (worn)
 h - the +1 robe of the Endless Expanse {-Cast rC++ Slay+5}
   (You found it on level 3 of the Dungeon)

   Slay:      It affects your accuracy & damage with ranged weapons and melee
   (+5).
   rC:        It greatly protects you from cold.
   -Cast:     It prevents spellcasting.
 o - the +2 ring mail of Zen Yloi {Int+2 Slay+3}
   (You found it on level 3 of the Dungeon)

   Int:       It affects your intelligence (+2).
   Slay:      It affects your accuracy & damage with ranged weapons and melee
   (+3).
Jewellery
 e - a ring of wizardry (left hand)
 f - a +4 ring of protection (right hand)
 j - a ring of resist corrosion
 r - a +5 ring of evasion
Scrolls
 i - a scroll of teleportation
 k - a scroll of enchant weapon
 p - 2 scrolls of enchant armour {unknown}
 q - a scroll of vulnerability {unknown}
 s - a scroll of immolation {unknown}
 t - a scroll of acquirement {unknown}
Potions
 b - 2 potions of magic
 d - a potion of curing
 g - 3 potions of degeneration
 n - a potion of heal wounds


   Skills:
 + Level 2.0 Dodging
 * Level 3.0 Stealth
 + Level 3.2 Spellcasting
 + Level 0.7 Transmutations
 + Level 5.6 Earth Magic


You had one spell level left.
You knew the following spells:

 Your Spells              Type           Power      Damage    Failure   Level
a - Sandblast             Erth           46%        2d11      1%          1
b - Stone Arrow           Conj/Erth      26%        3d8       6%          3
c - Petrify               Tmut/Erth      14%        N/A       16%         4
d - Magic Dart            Conj           8%         1d3       6%          1

Your spell library contained the following spells:

 Spells                   Type           Power      Damage    Failure   Level
 Passwall                 Tmut/Erth      11%        N/A       2%          2
 Searing Ray              Conj           4%         2d4       10%         2
 Anguish                  Hex/Necr       1%         N/A       52%         4
 Cause Fear               Hex            1%         N/A       52%         4
 Dispel Undead            Necr           2%         3d7       52%         4
 Fulminant Prism          Conj/Hex       1%         3d5       52%         4
 Death Channel            Necr           1%         N/A       100%        6
 Enfeeble                 Hex            1%         N/A       100%        7
 Cigotuvi's Dreadful Rot  Necr/Pois/Air  Unusable   N/A       N/A         2

Dungeon Overview and Level Annotations

Branches:
Dungeon (4/15)
 Temple: D:4-7

Altars:
Makhleb

Annotations:
D:4 1 transporter, Ijyb


Innate Abilities, Weirdness & Mutations

You are immune to sickness and miasma.
Your stone body is resilient. (AC +4)
You are immune to poison.
You resist negative energy. (rN+)
You are resistant to electric shocks. (rElec)
You are resistant to unholy torment.
You are immune to petrification.
Your large and strong wings let you fly.
You have an increased reservoir of magic. (+10% MP)


Message History

The blast of sand hits the hobgoblin.
You kill the hobgoblin!
Makhleb accepts your kill.
You see here a hobgoblin corpse.
u - a fizzy white potion An endoplasm comes into view.
You feel agile.
You have a feeling of ineptitude.
l - the +9 trident of Precise Incision (weapon)
{pain, Dex+4} Reach: l) +9 trident of Precise Incision {pain, Dex+4}
Press: ? - help, Dir - move target, f - endoplasm
Aim: an endoplasm (asleep, about 2% to evade the +9 trident of Precise Incision)
You reach to attack!
The helpless endoplasm fails to defend itself.
You hit the endoplasm.
The endoplasm is lightly wounded.
Reach: l) +9 trident of Precise Incision {pain, Dex+4}
Press: ? - help, Dir - move target, f/p - endoplasm
Aim: an endoplasm (lightly wounded, about 12% to evade the +9 trident of Precise Incision)
You puncture the endoplasm!
You kill the endoplasm!
Makhleb accepts your kill.
You fade into invisibility!
Okay, then.
It was a potion of lignification.
You turn into a tree.
Your +0 robe melds into your body.
Your roots penetrate the ground.
Ijyb zaps a wand.
The bolt of dispelling energy hits you!
Your magical effects are unravelling.
You feel less wooden.
Your +0 robe unmelds from your body.
You flicker back into view.
Reach: l) +9 trident of Precise Incision {pain, Dex+4}
Press: ? - help, Dir - move target, f - Ijyb
Aim: Ijyb, wielding a +0 club, wearing a +0 ring mail of cold resistance and carrying a wand of quicksilver (5) (about 36% to evade the +9 trident of Precise Incision)
You reach to attack!
You puncture Ijyb!
Ijyb is heavily wounded.
Ijyb zaps a wand.
The bolt of dispelling energy hits you!!
Ouch! That really hurt!
You die...

*,*** **,** *,* *,* *,*
*,* #.* **+** #.# **,,,**
###.#### **,,,,,**
*......## **,,,,,,,** #
#,#.#...####...,,,,,,###
#.#....@.g.'...,,,,,,'..
#.#.#...####...,,,,,,#.#
#......## **,,,,,,,*#,#
###.#### **,,,,,,,*,# #.#
**,,,**,,,# #.# **+#**,,##
#####.### #.# *,.#.
#.......##########.#**#g#.
#.###.#.........##.##...#.


You could see Ijyb.

Vanquished Creatures
  An iguana (D:4)
  Terence (D:2)
  3 gnolls (D:2)
  5 adders
  4 ball pythons
  5 endoplasms
  3 giant cockroaches
  2 goblins (D:2)
  6 hobgoblins
  2 quokkas
  5 bats
  2 frilled lizards (D:2)
  6 kobolds
  4 rats
49 creatures vanquished.

Notes
Turn   | Place    | Note
-------+----------+-------------------------------------------
     0 | D:1      | SergentPoivreBleu the Gargoyle Earth Elementalist began the
                  | quest for the Orb.
     0 | D:1      | Reached XP level 1. HP: 10/10 MP: 3/3
   193 | D:1      | Reached XP level 2. HP: 15/15 MP: 1/5
   256 | D:1      | Reached skill level 4 in Earth Magic
   309 | D:1      | Gained mutation: Your large and strong wings let you fly.
                  | [potion of mutation]
   309 | D:1      | Gained mutation: You have an increased reservoir of magic.
                  | (+10% MP) [potion of mutation]
   759 | D:2      | Reached XP level 3. HP: 19/19 MP: 4/6
  1004 | D:2      | Noticed Terence
  1124 | D:2      | Identified the +9 trident of Precise Incision {pain, Dex+4}
  1261 | D:1      | Learned a level 3 spell: Stone Arrow
  1341 | D:2      | Killed Terence
  1342 | D:2      | Reached skill level 5 in Earth Magic
  1342 | D:2      | Reached XP level 4. HP: 22/24 MP: 3/8
  1582 | D:2      | Found a faded altar of an unknown god.
  1932 | D:3      | Learned a level 4 spell: Petrify
  2164 | D:3      | Identified the +1 robe of the Endless Expanse {-Cast rC++
                  | Slay+5}
  2171 | D:3      | Identified the +2 ring mail of Zen Yloi {Int+2 Slay+3}
  2274 | D:3      | Reached XP level 5. HP: 28/28 MP: 7/10
  2659 | D:4      | Found a transporter.
  2670 | D:4      | Found a burning altar of Makhleb.
  2679 | D:4      | Became a worshipper of Makhleb the Destroyer
  2692 | D:4      | Noticed Ijyb
  2842 | D:4      | Learned a level 1 spell: Magic Dart
  3019 | D:4      | Killed from afar by Ijyb

Illustrated notes

Levels and vault maps discovered:
D:1:      eino_arrival_druids_welcome, layout_loops_ring
D:2:      layout_loops_cross, dreamdust_ecumenical_altar_hidden_monk_grotto,
          uniq_terence
D:3:      layout_loops_cross
D:4:      layout_loops_corners, mainiacjoe_overflow_surrounded_room,
          gammafunk_ghost_mausoleum, uniq_ijyb

Skill      XL: |  1  2  3  4  5 |
---------------+----------------+-----
Earth Magic    | 4 5 |  5.6
Spellcasting   | 3 |  3.2
Dodging        | 2 |  2.0
Stealth        | 3 |  3.0
Transmutations | |  0.7

Action                     |  1- 3 |  4- 6 || total
---------------------------+-------+-------++-------
  Melee: Trident           |       |     3 ||     3
   Cast: Sandblast         |    47 |    45 ||    92
         Stone Arrow       |     1 |     2 ||     3
         Magic Dart        |       |     7 ||     7
    Use: Potion            |     5 |     5 ||    10
         Scroll            |       |     6 ||     6
   Stab: Sleeping          |       |     1 ||     1
 Armour: Robe              |    10 |    11 ||    21
  Dodge: Dodged            |    20 |    17 ||    37
